 Dungeon Crawl Stone Soup version 0.21-a0-286-g6fcecc0 (webtiles) character file.

171 Ijustatesigmund the Cudgeler (level 5, -2/37 HPs)
             Began as an Octopode Fighter on Sept 28, 2017.
             Slain by an ogre
             ... wielding a +0 giant spiked club
              (22 damage)
             ... on level 4 of the Dungeon.
             The game lasted 00:03:47 (2103 turns).

Ijustatesigmund the Cudgeler (Octopode Fighter)     Turns: 2103, Time: 00:03:48

Health: -2/37      AC:  1    Str: 15    XL:     5   Next: 51%
Magic:  5/5        EV: 12    Int: 10    God:
Gold:   117        SH:  8    Dex: 13    Spells: 4/4 levels left

rFire    . . .     SeeInvis .   a - +0 flail
rCold    . . .     Gourm    .   b - +0 shield
rNeg     . . .     Faith    .   (helmet restricted)
rPois    .         Spirit   .   (no amulet)
rElec    .         Reflect  .   (no ring)
rCorr    .         Harm     .   (no ring)
MR       .....                  (no ring)
Stlth    ++........             (no ring)
HPRegen  0.12/turn              (no ring)
MPRegen  0.09/turn              (no ring)
                                (no ring)
                                (no ring)

@: no status effects
A: almost no armour, stealthy swim, amphibious, 8 rings, constrict 8, camouflage
1, gelatinous body 1
a: no special abilities


You were on level 4 of the Dungeon.
You were not hungry.

You visited 1 branch of the dungeon, and saw 4 of its levels.

You collected 117 gold pieces.

Inventory:

Hand Weapons
 a - a +0 flail (weapon)
Armour
 b - a +0 shield (worn)
Scrolls
 e - a scroll of identify
 h - a scroll of remove curse
 j - a scroll of teleportation
Potions
 i - 2 potions of curing
 l - a potion of haste {unknown}
Books
 g - a book of Misfortune

   Spells                             Type                      Level
   a - Confusing Touch                Hexes                        1
   b - Confuse                        Hexes                        3
   c - Gell's Gravitas                Translocation                3
   d - Petrify                        Transmutation/Earth          4
   e - Metabolic Englaciation         Hexes/Ice                    5
   f - Yara's Violent Unravelling     Hexes/Transmutation          5
Comestibles
 d - 3 bread rations
 f - a fruit
 k - a royal jelly


   Skills:
 + Level 4.2 Fighting
 + Level 4.6 Maces & Flails
 - Level 3.0 Dodging
 - Level 3.0 Shields


You had 4 spell levels left.
You didn't know any spells.

Dungeon Overview and Level Annotations

Branches:
Dungeon (4/15)
 Temple: D:4-7

Altars:
Xom


Innate Abilities, Weirdness & Mutations

You cannot wear most types of armour.
You are very stealthy in the water. (Stealth+)
You are amphibious.
You can wear up to eight rings at the same time.
You can use your tentacles to constrict eight enemies at once.
Your skin changes colour to match your surroundings (Stealth+).
Your rubbery body absorbs attacks. (AC +1, EV +1)


Message History

You constrict the hound. The hound misses you. The hound closely misses you.
You sock the hound!
You kill the hound!
The giant cockroach barely misses you.
You completely miss the giant cockroach.
Your grab misses the giant cockroach. You squeeze the giant cockroach.
You kill the giant cockroach!
The orc priest mumbles some strange prayers to Beogh against you.
Beogh smites you!
You sock the ogre!
The ogre is moderately wounded.
The ogre barely misses you. The orc hits you with a hand axe.
You hit the ogre but do no damage.
The ogre is moderately wounded.
The orc closely misses you. The ogre closely misses you.
You sock the ogre! Your squeeze misses the ogre.
The ogre is severely wounded.
The ogre hits you with a giant spiked club!!
Ouch! That really hurt!
You die...

###########
#.<.......#
#.......!..
#..@o......
.......Oo.=....
.#........o....
#.##..........
#. #.......[..
. ...........
............
.............


You could see an ogre, an orc priest and 2 orcs.

Vanquished Creatures
  A hound (D:4)
  An orc wizard (D:2)
  3 gnolls (D:3)
  2 adders (D:2)
  2 dart slugs (D:1)
  5 leopard geckos
  3 orcs (D:3)
  4 ball pythons (D:2)
  4 giant cockroaches
  9 hobgoblins
  3 jackals (D:2)
  2 bats (D:1)
  5 frilled lizards
  3 goblins
  4 kobolds
  4 rats
  2 plants (D:2)
57 creatures vanquished.

Notes
Turn   | Place    | Note
-------+----------+-------------------------------------------
     0 | D:1      | Ijustatesigmund the Octopode Fighter began the quest for the Orb.
     0 | D:1      | Reached XP level 1. HP: 16/16 MP: 1/1
   199 | D:1      | Reached XP level 2. HP: 17/21 MP: 2/2
   628 | D:1      | Reached XP level 3. HP: 19/26 MP: 3/3
  1163 | D:2      | Found a shimmering altar of Xom.
  1163 | D:2      | Found a shimmering altar of Xom.
  1166 | D:2      | Found a shimmering altar of Xom.
  1166 | D:2      | Found a shimmering altar of Xom.
  1167 | D:2      | Found a shimmering altar of Xom.
  1418 | D:2      | Reached XP level 4. HP: 32/32 MP: 4/4
  1842 | D:3      | Reached XP level 5. HP: 20/37 MP: 5/5
  2074 | D:3      | Noticed an orc warrior
  2096 | D:4      | Noticed an ogre
  2103 | D:4      | Slain by an ogre

Vault maps used:
D:1:      nicolae_arrival_somewhat_less_tricky_arrival
D:2:      xom_redecorated, minmay_shallow_snake_nest
D:3:      uniq_crazy_yiuf_cottage
D:4:      marbit_many_paths, minmay_temple_entry_overgrown,
          kennysheep_generic_room_5

Skill      XL: |  1  2  3  4 |
---------------+-------------+-----
Maces & Flails | 3 4 |  4.6
Fighting       | 4 |  4.2
Dodging        | |  3.0
Shields        | |  3.0

Action                   |  1- 3 |  4- 6 || total
-------------------------+-------+-------++-------
Melee: Flail             |    69 |    62 ||   131
       Constrict         |    26 |    11 ||    37
       Tentacles         |    13 |    15 ||    28
  Use: Scroll            |     2 |     1 ||     3
       Potion            |       |     2 ||     2
 Stab: Sleeping          |     4 |       ||     4
  Eat: Chunk             |     2 |     2 ||     4
Armor: Skin              |    10 |     2 ||    12
Dodge: Dodged            |    32 |    35 ||    67
Block: Shield            |    22 |    28 ||    50

Table legend:
 A = Spawn XP
 B = Non-spawn XP
 C = Spawn XP percentage of total XP
 D = Spawn monster count
 E = Non-spawn monster count
 F = Spawn count percentage of total count
 G = Total turns spent on level
                    A         B        C        D         E        F      G
               +---------+---------+-------+---------+---------+-------+---------
         Total |       0 |     245 |   0.0 |       0 |      55 |   0.0 |  2103
               +---------+---------+-------+---------+---------+-------+---------
           D:1 |       0 |      40 |   0.0 |       0 |      23 |   0.0 |   946
           D:2 |       0 |     100 |   0.0 |       0 |      22 |   0.0 |   848
           D:3 |       0 |      58 |   0.0 |       0 |       8 |   0.0 |   300
           D:4 |       0 |      47 |   0.0 |       0 |       2 |   0.0 |     9
               +---------+---------+-------+---------+---------+-------+---------
